 Dungeon Crawl Stone Soup version 0.21.1-1-g345015fe64 (webtiles) character file.

14 Brecoman the Gusty (level 2, -1/15 HPs)
             Began as a Tengu Air Elementalist on June 14, 2018.
             Slain by a kobold
             ... wielding a +1 short sword of electrocution
              (8 damage)
             ... on level 1 of the Dungeon.
             The game lasted 00:02:09 (316 turns).

Brecoman the Gusty (Tengu Air Elementalist)          Turns: 316, Time: 00:02:10

Health: -1/15      AC:  2    Str:  8    XL:     2   Next: 45%
Magic:  4/6        EV: 12    Int: 15    God:
Gold:   10         SH:  0    Dex: 14    Spells: 4/5 levels left

rFire    . . .     SeeInvis .   e - +0 mace
rCold    . . .     Gourm    .   (no shield)
rNeg     . . .     Faith    .   a - +0 robe
rPois    .         Spirit   .   (helmet restricted)
rElec    .         Reflect  .   (no cloak)
rCorr    .         Harm     .   (no gloves)
MR       .....                  (boots unavailable)
Stlth    ++........             (no amulet)
HPRegen  0.05/turn              (no ring)
MPRegen  0.10/turn              (no ring)

@: very slightly contaminated
A: beak, talons 3
a: no special abilities


You were on level 1 of the Dungeon.
You were not hungry.

You visited 1 branch of the dungeon, and saw 1 of its levels.

You collected 10 gold pieces.

Inventory:

Hand Weapons
 e - a +0 mace (weapon)
Armour
 a - a +0 robe (worn)
Jewellery
 h - an uncursed amulet of guardian spirit {unknown}
Scrolls
 g - a scroll of teleportation {unknown}
Potions
 d - a potion of curing {unknown}
 f - a potion of mutation {unknown}
Books
 b - a book of Air

   Spells                             Type                      Level
   a - Shock                          Conjuration/Air              1
   b - Swiftness                      Charms/Air                   2
   c - Static Discharge               Conjuration/Air              3
   d - Airstrike                      Air                          4
   e - Lightning Bolt                 Conjuration/Air              5
Comestibles
 c - 2 rations
 i - 2 chunks of flesh


   Skills:
 - Level 2.1 Dodging
 - Level 2.0 Stealth
 - Level 2.0 Spellcasting
 + Level 2.3 Conjurations
 + Level 4.6 Air Magic


You had 4 spell levels left.
You knew the following spells:

 Your Spells              Type           Power        Failure   Level  Hunger
a - Shock                 Conj/Air       ##..         5%          1    #......


Dungeon Overview and Level Annotations

Branches:
Dungeon (1/15)

Altars:


Innate Abilities, Weirdness & Mutations

You have a beak for a mouth.
You have claws for feet.


Message History

Press: ? - help, Shift-Dir - straight line, f - goblin, p - kobold
Aim: a goblin You miscast Shock.
You are very lightly contaminated with residual magic.
Wisps of smoke drift from your hands.
Casting: Shock
Confirm with . or Enter, or press ? or * to list all spells.
Aiming: Shock
Press: ? - help, Shift-Dir - straight line, f/p - goblin
Aim: a goblin The zap misses the goblin.
The zap hits the kobold.
The kobold appears unharmed.
The zap hits the goblin.
You kill the goblin!
The goblin hits you.
A leopard gecko comes into view.
You barely miss the goblin. The goblin completely misses you.
The kobold hits you with a short sword of electrocution.
You are electrocuted!
Ouch! That really hurt!
You die...

##..# #####.######..#
#########..###### #.....#......##
.................. #..######
)..÷)....######### ##.##
........###############..########
.................................
.........#######..##.#########.##
..........####....#.............#
................@.#.#####.#####.#
#...#......###.Kg.#.#;≈≈#.#;≈≈#.#
..................#.#≈≈≈#.#≈≈≈#.#
............##....#.#≈≈≈#.#≈≈≈#.#
......)...#.##....#.#####.#####.#
..........#..#..l.#.............#
.........## .#....#.8.#######.8.#
#...#...## #..#...#......<......#
######### ##.#)..###############


You could see a leopard gecko, a goblin and a kobold.

Vanquished Creatures
  A dart slug (D:1)
  3 bats (D:1)
  A giant cockroach (D:1)
  A goblin (D:1)
  2 hobgoblins (D:1)
  3 kobolds (D:1)
  2 rats (D:1)
13 creatures vanquished.

Notes
Turn   | Place    | Note
-------+----------+-------------------------------------------
     0 | D:1      | Brecoman the Tengu Air Elementalist began the quest for the Orb.
     0 | D:1      | Reached XP level 1. HP: 10/10 MP: 4/4
     3 | D:1      | Noticed an electric eel
     4 | D:1      | Noticed an electric eel
   196 | D:1      | Reached XP level 2. HP: 15/15 MP: 1/6
   316 | D:1      | Slain by a kobold

Skill      XL: |  1  2 |
---------------+-------+-----
Conjurations   | 2 |  2.3
Dodging        | |  2.1
Stealth        | |  2.0
Spellcasting   | |  2.0
Air Magic      | |  4.6

Action                   || total
-------------------------++-------
Melee: Mace              ||    10
       Peck              ||     2
       Kick              ||     1
 Cast: Shock             ||    14
Dodge: Dodged            ||     6
